3AA
OTTAWA NATIONALS @ RICHLAND RAILS
08/15/2024
 
TOP OF THE 1ST
Ottawa Nationals batting - Pitching for Richland Rails : RHP Caleb Sobieski
Pitching: RHP Caleb Sobieski
Batting: RHB Michael Peterson 0-0: Ball
1-0: Called Strike
1-1: Ball
2-1: Called Strike
2-2: Fly out, F8 (Flyball, 8LS)
Batting: RHB Barry Welch 0-0: Ball
1-0: Foul Ball, location: 2F
1-1: Ground out 5-3 (Groundball, 5)
Batting: RHB Jesús Soto 0-0: Ball
1-0: Ball
2-0: Fly out, F9 (Flyball, 9LM)
Top of the 1st over - 0 run(s), 0 hit(s), 0 error(s), 0 left on base; Ottawa 0 - Richland 0
BOTTOM OF THE 1ST
Richland Rails batting - Pitching for Ottawa Nationals : RHP Pedro Romero
Pitching: RHP Pedro Romero
Batting: LHB Randy Schlosser 0-0: Foul Ball, location: 2F
0-1: Ball
1-1: Foul Ball, location: 2F
1-2: Foul Ball, location: 2F
1-2: Foul Ball, location: 2F
1-2: Strikes out swinging
Batting: LHB Chris Stoltzfus 0-0: Ball
1-0: Ball
2-0: Called Strike
2-1: Fly out, F6 (Line Drive, 6)
Batting: SHB Jasper Otto 0-0: Ball
1-0: Called Strike
1-1: Ground out 4-3 (Groundball, 4M)
Bottom of the 1st over - 0 run(s), 0 hit(s), 0 error(s), 0 left on base; Ottawa 0 - Richland 0
TOP OF THE 2ND
Ottawa Nationals batting - Pitching for Richland Rails : RHP Caleb Sobieski
Batting: RHB EP Weston 0-0: Ball
1-0: Ball
2-0: Foul Ball, location: 2F
2-1: Called Strike
2-2: SINGLE (Groundball, 6MD)
Batting: RHB Dan Holliday 0-0: Ball
1-0: Foul Ball, location: 2F
1-1: Foul Ball, location: 2F
1-2: Ball
2-2: Foul Ball, location: 2F
2-2: SINGLE (Line Drive, 6MD)
EP Weston to second
Batting: RHB Paddy Hodnett 0-0: Ball
1-0: Ball
2-0: Called Strike
2-1: Foul Ball, location: 2F
2-2: Ball
3-2: Fly out, F9 (Flyball, 9LMF)
Batting: RHB Howard Fewell 0-0: Ball
1-0: Ball
2-0: Foul Ball, location: 2F
2-1: SINGLE (Groundball, 56D)
EP Weston to third
Dan Holliday to second
Runner from 3rd tries for Home, SAFE, throw made home
Dan Holliday to third
Howard Fewell to second
Batting: RHB Louis Espinosa 0-0: Ball
1-0: Ball
2-0: Ball
3-0: Foul Ball, location: 2F
3-1: Foul Ball, location: 2F
3-2: SINGLE (Groundball, 4MD)
Dan Holliday scores
Howard Fewell to third
Runner from 3rd tries for Home, SAFE, no throw or cutoff
Batting: RHB Felipe Gonzáles 0-0: Called Strike
0-1: Ball
1-1: Grounds into double play, 6-4-3 (Groundball, 56)
Top of the 2nd over - 3 run(s), 4 hit(s), 0 error(s), 0 left on base; Ottawa 3 - Richland 0
BOTTOM OF THE 2ND
Richland Rails batting - Pitching for Ottawa Nationals : RHP Pedro Romero
Batting: RHB Jung-hwan Kwon 0-0: Swinging Strike
0-1: Foul Ball, location: 2F
0-2: Ball
1-2: Ball
2-2: Foul Ball, location: 2F
2-2: Foul Ball, location: 2F
2-2: Ground out 5-3 (Groundball, 5L)
Batting: RHB Adrian Rodgers 0-0: Called Strike
0-1: DOUBLE (Groundball, 5L)
Batting: RHB Justin MacPherson 0-0: Fly out, F7 (Flyball, 78S)
Batting: RHB Ralph Gilbert 0-0: Called Strike
0-1: Ball
1-1: Called Strike
1-2: Ground out 5-3 (Groundball, 5S)
Bottom of the 2nd over - 0 run(s), 1 hit(s), 0 error(s), 1 left on base; Ottawa 3 - Richland 0
TOP OF THE 3RD
Ottawa Nationals batting - Pitching for Richland Rails : RHP Caleb Sobieski
Batting: RHB Michael Peterson 0-0: Called Strike
0-1: Ground out 4-3 (Groundball, 4)
Batting: RHB Barry Welch 0-0: Called Strike
0-1: Ball
1-1: Ball
2-1: Ball
3-1: Foul Ball, location: 2F
3-2: Ground out 1-3 (Groundball, 13)
Batting: RHB Jesús Soto 0-0: Ball
1-0: Foul Ball, location: 2F
1-1: Swinging Strike
1-2: Ground out 5-3 (Groundball, 56)
Top of the 3rd over - 0 run(s), 0 hit(s), 0 error(s), 0 left on base; Ottawa 3 - Richland 0
BOTTOM OF THE 3RD
Richland Rails batting - Pitching for Ottawa Nationals : RHP Pedro Romero
Batting: LHB Jorge Greenbaum 0-0: Called Strike
0-1: Ball
1-1: Swinging Strike
1-2: SINGLE (Groundball, 3D)
Batting: RHB Vicente Cruz 0-0: Ball
1-0: Swinging Strike
1-1: Fly out, F9 (Line Drive, 9LS)
Batting: LHB Randy Schlosser 0-0: Ball
1-0: Ground out 6-3 (Groundball, 6MS)
Jorge Greenbaum to second
Batting: LHB Chris Stoltzfus 0-0: Ball
1-0: Ball
Wild Pitch!
Jorge Greenbaum to third
2-0: Foul Ball, location: 2F
2-1: Ball
3-1: Base on Balls
Batting: SHB Jasper Otto 0-0: Ball
1-0: Called Strike
1-1: Swinging Strike
1-2: Ball
2-2: Fly out, F7 (Flyball, 78M)
Bottom of the 3rd over - 0 run(s), 1 hit(s), 0 error(s), 2 left on base; Ottawa 3 - Richland 0
TOP OF THE 4TH
Ottawa Nationals batting - Pitching for Richland Rails : RHP Caleb Sobieski
Batting: RHB EP Weston 0-0: Ball
1-0: Foul Ball, location: 2F
1-1: DOUBLE (Flyball, 78XD)
Batting: RHB Dan Holliday 0-0: Fly out, F7 (Flyball, 7M)
Batting: RHB Paddy Hodnett 0-0: Called Strike
0-1: Swinging Strike
0-2: Strikes out swinging
Batting: RHB Howard Fewell 0-0: Called Strike
0-1: Swinging Strike
0-2: Ball
1-2: Ball
2-2: Ball
3-2: Strikes out looking
Top of the 4th over - 0 run(s), 1 hit(s), 0 error(s), 1 left on base; Ottawa 3 - Richland 0
BOTTOM OF THE 4TH
Richland Rails batting - Pitching for Ottawa Nationals : RHP Pedro Romero
Batting: RHB Jung-hwan Kwon 0-0: Ball
1-0: Foul Ball, location: 2F
1-1: Called Strike
1-2: Foul Ball, location: 2F
1-2: Ball
2-2: Ball
3-2: SINGLE (Line Drive, 8RS)
Batting: RHB Adrian Rodgers 0-0: Ball
1-0: Ball
2-0: Called Strike
2-1: Fly out, F8 (Line Drive, 8LM)
Batting: RHB Justin MacPherson 0-0: Ball
Jung-hwan Kwon is caught stealing 2nd base
1-0: Foul Ball, location: 2F
1-1: Called Strike
1-2: Strikes out swinging
Bottom of the 4th over - 0 run(s), 1 hit(s), 0 error(s), 0 left on base; Ottawa 3 - Richland 0
TOP OF THE 5TH
Ottawa Nationals batting - Pitching for Richland Rails : RHP Caleb Sobieski
Batting: RHB Louis Espinosa 0-0: Called Strike
0-1: Swinging Strike
0-2: Ball
1-2: Strikes out looking
Batting: RHB Felipe Gonzáles 0-0: Ball
1-0: Foul Ball, location: 2F
1-1: Ground out 1-3 (Groundball, 13S)
Batting: RHB Michael Peterson 0-0: Called Strike
0-1: Ball
1-1: Swinging Strike
1-2: Strikes out swinging
Top of the 5th over - 0 run(s), 0 hit(s), 0 error(s), 0 left on base; Ottawa 3 - Richland 0
BOTTOM OF THE 5TH
Richland Rails batting - Pitching for Ottawa Nationals : RHP Pedro Romero
Batting: RHB Ralph Gilbert 0-0: Ball
1-0: Fly out, F8 (Flyball, 8RM)
Batting: LHB Jorge Greenbaum 0-0: Ball
1-0: Ball
2-0: Ball
3-0: Called Strike
3-1: Called Strike
3-2: Base on Balls
Batting: RHB Vicente Cruz 0-0: Ball
1-0: SINGLE (Line Drive, 6MD)
Jorge Greenbaum to second
Runner from 2nd tries for 3rd, SAFE, throw made to third
Batting: LHB Randy Schlosser 0-0: Foul Ball, location: 2F
0-1: Called Strike
0-2: Ball
1-2: Foul Ball, location: 2F
1-2: Ball
2-2: Fly out, F9 (Flyball, 9D)
Runner from 3rd tags up, SCORES, no throw
Batting: LHB Chris Stoltzfus 0-0: Called Strike
0-1: Called Strike
0-2: Ball
Vicente Cruz steals 2nd base
1-2: Ground out 4-3 (Groundball, 4)
Bottom of the 5th over - 1 run(s), 1 hit(s), 0 error(s), 1 left on base; Ottawa 3 - Richland 1
TOP OF THE 6TH
Ottawa Nationals batting - Pitching for Richland Rails : RHP Caleb Sobieski
Batting: RHB Barry Welch 0-0: SINGLE (Line Drive, 6MD)
Batting: RHB Jesús Soto 0-0: Called Strike
0-1: Fly out, F9 (Flyball, 9M)
Batting: RHB EP Weston 0-0: Called Strike
0-1: SINGLE (Line Drive, 8LS)
Barry Welch to second
Batting: RHB Dan Holliday 0-0: Called Strike
0-1: Ball
1-1: Ball
2-1: Foul Ball, location: 2F
2-2: Fly out, F7 (Flyball, 78M)
Batting: RHB Paddy Hodnett 0-0: Called Strike
0-1: Ball
1-1: SINGLE (Line Drive, 9S)
Barry Welch to third
EP Weston to second
Batting: RHB Howard Fewell 0-0: Ball
1-0: Ball
2-0: Ball
3-0: Foul Ball, location: 2F
3-1: Base on Balls
Barry Welch scores
EP Weston to third
Paddy Hodnett to second
Batting: RHB Louis Espinosa 0-0: Called Strike
0-1: Ball
1-1: Ball
2-1: Ball
3-1: TRIPLE (Groundball, 3L)
EP Weston scores
Paddy Hodnett scores
Howard Fewell scores
Pitching: LHP Marc Burns
Batting: RHB Felipe Gonzáles 0-0: SINGLE (Line Drive, 9S)
Louis Espinosa scores
Batting: RHB Michael Peterson 0-0: Foul Ball, location: 2F
0-1: Foul Ball, location: 2F
0-2: Foul Ball, location: 2F
0-2: Ball
1-2: Ball
2-2: Strikes out looking
Top of the 6th over - 5 run(s), 5 hit(s), 0 error(s), 1 left on base; Ottawa 8 - Richland 1
BOTTOM OF THE 6TH
Richland Rails batting - Pitching for Ottawa Nationals : RHP Pedro Romero
Batting: SHB Jasper Otto 0-0: Called Strike
0-1: Ball
1-1: Called Strike
1-2: DOUBLE (Line Drive, 8LM)
Batting: RHB Jung-hwan Kwon 0-0: Called Strike
0-1: SINGLE (Groundball, 5D)
Jasper Otto to third
Batting: RHB Adrian Rodgers 0-0: Ball
1-0: Foul Ball, location: 2F
1-1: Foul Ball, location: 2F
1-2: Foul Ball, location: 2F
1-2: Ball
2-2: Grounds into double play, 6-4-3 (Groundball, 6M)
Jasper Otto scores
Batting: RHB Justin MacPherson 0-0: Called Strike
0-1: Ball
1-1: Ball
2-1: Foul Ball, location: 2F
2-2: Ball
3-2: SINGLE (Groundball, 56)
Pitching: LHP Zach Walter
Batting: RHB Ralph Gilbert 0-0: Called Strike
0-1: Ball
1-1: Fly out, F8 (Flyball, 8RM)
Bottom of the 6th over - 1 run(s), 3 hit(s), 0 error(s), 1 left on base; Ottawa 8 - Richland 2
TOP OF THE 7TH
Ottawa Nationals batting - Pitching for Richland Rails : LHP Marc Burns
Batting: RHB Barry Welch 0-0: Foul Ball, location: 2F
0-1: Ball
1-1: Fly out, F9 (Flyball, 9M)
Batting: RHB Jesús Soto 0-0: Foul Ball, location: 2F
0-1: Foul Ball, location: 2F
0-2: Foul Ball, location: 2F
0-2: Ball
1-2: DOUBLE (Line Drive, 78M)
Batting: RHB EP Weston 0-0: Ball
1-0: Ball
2-0: Fly out, F8 (Flyball, 8RD)
Runner from 2nd tags up, SAFE at 3rd, no throw
Batting: RHB Dan Holliday 0-0: Ball
1-0: Called Strike
1-1: Foul Ball, location: 2F
1-2: Strikes out swinging
Top of the 7th over - 0 run(s), 1 hit(s), 0 error(s), 1 left on base; Ottawa 8 - Richland 2
BOTTOM OF THE 7TH
Richland Rails batting - Pitching for Ottawa Nationals : LHP Zach Walter
Batting: LHB Jorge Greenbaum 0-0: Ball
1-0: Foul Ball, location: 2F
1-1: Ball
2-1: Fly out, F8 (Flyball, 8RD)
Batting: RHB Vicente Cruz 0-0: Called Strike
0-1: Ball
1-1: Foul Ball, location: 2F
1-2: Ground out 1-3 (Groundball, 13S)
Batting: LHB Randy Schlosser 0-0: Foul Ball, location: 2F
0-1: Called Strike
0-2: Strikes out swinging
Bottom of the 7th over - 0 run(s), 0 hit(s), 0 error(s), 0 left on base; Ottawa 8 - Richland 2
TOP OF THE 8TH
Ottawa Nationals batting - Pitching for Richland Rails : LHP Marc Burns
Batting: RHB Paddy Hodnett 0-0: Ball
1-0: Ground out U3 (Groundball, 3)
Batting: RHB Howard Fewell 0-0: Ball
1-0: Fly out, F8 (Flyball, 8RD)
Batting: RHB Louis Espinosa 0-0: Ball
1-0: Foul Ball, location: 2F
1-1: Swinging Strike
1-2: Foul Ball, location: 2F
1-2: Ball
2-2: Strikes out looking
Top of the 8th over - 0 run(s), 0 hit(s), 0 error(s), 0 left on base; Ottawa 8 - Richland 2
BOTTOM OF THE 8TH
Richland Rails batting - Pitching for Ottawa Nationals : LHP Zach Walter
Now in CF: Dan Curtis
Batting: LHB Chris Stoltzfus 0-0: Foul Ball, location: 2F
0-1: Called Strike
0-2: Foul Ball, location: 2F
0-2: Ground out 4-3 (Groundball, 34)
Batting: SHB Jasper Otto 0-0: Ground out 4-3 (Groundball, 4)
Batting: RHB Jung-hwan Kwon 0-0: Foul Ball, location: 2F
0-1: SINGLE (Groundball, 56D)
Batting: RHB Adrian Rodgers 0-0: Called Strike
0-1: Foul Ball, location: 2F
0-2: Ball
1-2: Fly out, F9 (Flyball, 9M)
Bottom of the 8th over - 0 run(s), 1 hit(s), 0 error(s), 1 left on base; Ottawa 8 - Richland 2
TOP OF THE 9TH
Ottawa Nationals batting - Pitching for Richland Rails : LHP Marc Burns
Pitching: RHP Luis Bejarano
Batting: RHB Felipe Gonzáles 0-0: Ball
1-0: Swinging Strike
1-1: Ball
2-1: Ground out 1-3 (Groundball, 15)
Pitching: RHP Jim Unknown
Batting: RHB Michael Peterson 0-0: Called Strike
0-1: Swinging Strike
0-2: Strikes out swinging
Batting: RHB Barry Welch 0-0: Ball
1-0: Ball
2-0: Ball
3-0: Base on Balls
Batting: RHB Jesús Soto 0-0: Ball
1-0: Foul Ball, location: 2F
1-1: Ball
2-1: SINGLE (Flyball, 9LS)
Barry Welch to second
Runner from 2nd tries for 3rd, SAFE, throw made to third
Batting: RHB EP Weston 0-0: Ball
1-0: Foul Ball, location: 2F
1-1: Foul Ball, location: 2F
1-2: Strikes out swinging
Top of the 9th over - 0 run(s), 1 hit(s), 0 error(s), 2 left on base; Ottawa 8 - Richland 2
BOTTOM OF THE 9TH
Richland Rails batting - Pitching for Ottawa Nationals : LHP Zach Walter
Now in RF: Marvin Collier
Batting: RHB Justin MacPherson 0-0: Ball
1-0: Foul Ball, location: 2F
1-1: Foul Ball, location: 2F
1-2: Ground out 6-3 (Groundball, 6)
Batting: RHB Ralph Gilbert 0-0: Ball
1-0: Fly out, F7 (Flyball, 7M)
Batting: LHB Jorge Greenbaum 0-0: Fly out, F8 (Flyball, 8LD)
Bottom of the 9th over - 0 run(s), 0 hit(s), 0 error(s), 0 left on base; Ottawa 8 - Richland 2
This league is powered by Out of the Park Baseball, the baseball management simulation game for PC, Mac and Linux
Monday, October 3rd, 2016 - OOTP Baseball 16.9 Build 39